 Dungeon Crawl Stone Soup version 0.24.0-1-gfbc8707122 (webtiles) character file.

Game seed: 15458265759335936846, levelgen mode: deterministic

553 night the Ruffian (level 7, -10/66 HPs)
             Began as a Troll Fighter on Oct 26, 2019.
             Mangled by an ogre
             ... wielding a +0 giant spiked club
              (15 damage)
             ... on level 4 of the Dungeon.
             The game lasted 00:06:30 (2360 turns).

night the Ruffian (Troll Fighter)                   Turns: 2360, Time: 00:06:31

Health: -10/66     AC:  6    Str: 26    XL:     7   Next: 8%
Magic:  15/15      EV:  8    Int:  5    God:
Gold:   213        SH:  9    Dex:  9    Spells: 6/6 levels left

rFire    . . .     SeeInvis +     - Unarmed
rCold    . . .     Gourm    +   b - +0 shield
rNeg     . . .     Faith    .   a - +0 robe
rPois    .         Spirit   .   (helmet restricted)
rElec    .         Reflect  .   (no cloak)
rCorr    .         Harm     .   (gloves unavailable)
MR       .....                  (boots unavailable)
Stlth    +.........             l - amulet of magic regeneration
HPRegen  0.61/turn              k - ring of magical power
MPRegen  0.39/turn              s - ring of see invisible

@: no status effects
A: large, unfitting armour, claws 3, fast metabolism 3, gourmand, regeneration
1, shaggy fur 1, tough skin 3
a: no special abilities


You were on level 4 of the Dungeon.
You were completely stuffed.

You visited 1 branch of the dungeon, and saw 4 of its levels.

You collected 213 gold pieces.

Inventory:

Missiles
 m - 2 silver javelins (quivered)
Armour
 a - a +0 robe (worn)
 b - a +0 shield (worn)
Jewellery
 k - a ring of magical power (left claw)
 l - an amulet of magic regeneration (around neck)
 s - a ring of see invisible (right claw)
Wands
 n - a wand of digging (2)
 q - a wand of polymorph (1)
Scrolls
 e - a scroll of enchant weapon
 f - 2 scrolls of teleportation
 h - 2 scrolls of random uselessness
 p - 2 scrolls of identify
 t - a scroll of amnesia
Potions
 c - a potion of might
 g - 2 potions of flight
 i - a potion of heal wounds {unknown}
 j - 3 potions of curing {unknown}
 o - 2 potions of ambrosia {unknown}
 r - a potion of haste {unknown}
Comestibles
 d - 5 rations


   Skills:
 - Level 2.4 Fighting
 - Level 2.4 Dodging
 + Level 4.3 Shields
 * Level 6.4 Unarmed Combat


You had 6 spell levels left.
You didn't know any spells.
Your spell library was empty.

Dungeon Overview and Level Annotations

Branches:
Dungeon (4/15)
 Temple: D:4-7

Altars:

Shops:
D:4 :

Annotations:
D:3 1 runed translucent door, coffeespoons's ghost, amateur MiBe


Innate Abilities, Weirdness & Mutations

You are too large for most types of armour.
You have claws for hands.
Your metabolism is lightning-fast.
You like to eat raw meat.
Your natural rate of healing is unusually fast.
You are covered in fur. (AC +1)
You have extremely tough skin. (AC +3)


Message History

The ogre is lightly wounded.
The ogre hits you with a +0 giant spiked club!!
You claw the ogre!
The ogre is severely wounded.
The ogre hits you with a +0 giant spiked club!!
* * * LOW HITPOINT WARNING * * *
You scratch the ogre.
The ogre is almost dead.
Things that are here:
a +0 hand axe; a cursed +0 leather armour
Items here: )) [ ÷ a +0 mace; a cursed -1 club; a +0 chain mail; an orc skeleton You scratch the ogre.
The ogre is almost dead.
The ogre hits you with a +0 giant spiked club!
* * * LOW HITPOINT WARNING * * *
You barely miss the ogre.
The ogre is almost dead.
The ogre hits you with a +0 giant spiked club!
You die...

########. #∩.......
#.########## #######.#
#..>.# ........# #.##.####
.#####..# #......<#
.#####..#####.##.##.# ####
.........)O@..##.##.#####...
.#.###...####.##............
#...# #.#####.#####.## #...#
#.#####.#####.# #....
..............# ###...
############### #.##. #.# $#
#.# #


You could see an ogre.

Vanquished Creatures
  Grinder (D:3)
  Sigmund (D:3)
  An orc priest (D:2)
  2 hounds (D:4)
  4 adders
  An ooze (D:4)
  2 adder skeletons (D:4)
  A worm (D:3)
  2 dart slugs
  A leopard gecko (D:4)
  8 orcs
  6 bats
  4 giant cockroaches
  6 goblins
  8 hobgoblins
  4 jackals (D:1)
  8 kobolds
  A quokka (D:3)
  4 frilled lizards
  3 rats
68 creatures vanquished.

Vanquished Creatures (others)
  2 withered plants (D:3)
2 creatures vanquished.

Grand Total: 70 creatures vanquished

Notes
Turn   | Place    | Note
-------+----------+-------------------------------------------
     0 | D:1      | night the Troll Fighter began the quest for the Orb.
     0 | D:1      | Reached XP level 1. HP: 22/22 MP: 0/0
   168 | D:1      | Reached XP level 2. HP: 29/29 MP: 1/1
   477 | D:1      | You fall into a shaft and drop 1 floor!
   553 | D:1      | Reached skill level 3 in Unarmed Combat
   574 | D:1      | Reached XP level 3. HP: 34/36 MP: 2/2
  1363 | D:2      | You fall into a shaft and drop 1 floor!
  1363 | D:3      | Found a runed translucent door.
  1363 | D:3      | Noticed coffeespoons's ghost (amateur MiBe)
  1445 | D:3      | Reached XP level 4. HP: 33/44 MP: 3/3
  1453 | D:3      | Lost intelligence.
  1549 | D:3      | Noticed Sigmund
  1660 | D:3      | Noticed Grinder
  1674 | D:2      | Reached skill level 4 in Unarmed Combat
  1735 | D:3      | Paralysed by Grinder for 4 turns
  1740 | D:3      | Killed Grinder
  1740 | D:3      | Reached skill level 5 in Unarmed Combat
  1740 | D:3      | Reached XP level 5. HP: 50/50 MP: 4/4
  1740 | D:3      | Reached XP level 6. HP: 59/59 MP: 5/5
  1838 | D:3      | Killed Sigmund
  1838 | D:3      | Reached skill level 6 in Unarmed Combat
  2138 | D:4      | Reached XP level 7. HP: 62/66 MP: 6/6
  2331 | D:4      | Found Erelus's Book Shop.
  2360 | D:4      | Mangled by an ogre

Levels and vault maps discovered:
D:1:      scummos_arrival_simple_fountains, layout_basic,
          kennysheep_another_room
D:2:      layout_basic, serial_curves, eino_curves_03, eino_curves_03
D:3:      layout_rooms, gammafunk_ghost_grave, first_ration, uniq_sigmund,
          uniq_grinder
D:4:      layout_loops_ring, serial_shops, kennysheep_mini_moat, shop, shop,
          portal_sewer_entry_b

Skill      XL: |  1  2  3  4  5  6 |
---------------+-------------------+-----
Unarmed Combat | 3 5 6 |  6.4
Shields        | 3 4 |  4.3
Fighting       | |  2.4
Dodging        | |  2.4

Action                   |  1- 3 |  4- 6 |  7- 9 || total
-------------------------+-------+-------+-------++-------
Melee: Unarmed           |   125 |    51 |    38 ||   214
Throw: Javelin           |       |     2 |     1 ||     3
  Use: Scroll            |       |     7 |       ||     7
 Stab: Sleeping          |       |     1 |       ||     1
  Eat: Chunk             |    17 |     8 |     5 ||    30
Armor: Robe              |    45 |    18 |     7 ||    70
       Skin              |       |     9 |       ||     9
Dodge: Dodged            |    40 |    19 |     7 ||    66
Block: Shield            |    51 |    27 |     9 ||    87
